 Dungeon Crawl Stone Soup version 0.28-a0-1365-g7e0445c96d (webtiles) character file.

Game seed: 17865690046912007864

1416 ChaosChampion the Chopper (level 8, -4/73 HPs)
             Began as a Hill Orc Fighter on Dec 31, 2021.
             Was an Initiate of Beogh.
             Slain by an ogre (20 damage)
             ... on level 5 of the Dungeon.
             The game lasted 00:05:16 (5164 turns).

ChaosChampion the Chopper (Hill Orc Fighter)        Turns: 5164, Time: 00:05:17

Health: -4/73      AC: 10    Str: 21    XL:     8   Next: 71%
Magic:  8/8        EV:  9    Int:  8    God:    Beogh [......]
Gold:   207        SH:  5    Dex: 10    Spells: 7/7 levels left

rFire   . . .      SeeInvis .   o - +3 war axe
rCold   . . .      Faith    .   c - +0 buckler
rNeg    . . .      Spirit   .   b - +0 scale mail
rPois   .          Reflect  .   m - +0 helmet
rElec   .          Harm     .   (no cloak)
rCorr   .          Rampage  .   n - +0 pair of gloves
Will    .....                   (no boots)
Stlth   ..........              (no amulet)
HPRegen 0.22/turn               j - +4 ring of slaying
MPRegen 0.11/turn               (no ring)

@: no status effects
A: no striking features
a: Renounce Religion


You were on level 5 of the Dungeon.
You worshipped Beogh.
Beogh was noncommittal.
You visited 1 branch of the dungeon, and saw 5 of its levels.

You collected 207 gold pieces.

Inventory:

Hand Weapons
 a - a +0 morningstar of pain
 o - a +3 war axe (weapon)
Armour
 b - a +0 scale mail (worn)
 c - a +0 buckler (worn)
 m - a +0 helmet (worn)
 n - a +0 pair of gloves (worn)
Jewellery
 j - a +4 ring of slaying (left hand)
 s - an amulet of regeneration
Wands
 u - a wand of paralysis (9)
Scrolls
 e - a scroll of teleportation {unknown}
 g - a scroll of holy word {unknown}
 h - a scroll of identify {unknown}
 i - a scroll of fear {unknown}
 k - 2 scrolls of vulnerability {unknown}
 q - a scroll of immolation {unknown}
 t - 2 scrolls of amnesia {unknown}
Potions
 d - a potion of might
 f - a potion of curing
 l - a potion of degeneration {unknown}
 p - a potion of mutation {unknown}
 r - a potion of haste


   Skills:
 + Level 7.2 Fighting
 + Level 7.2 Axes
 + Level 6.6 Armour
 + Level 6.6 Shields


You had 7 spell levels left.
You didn't know any spells.
Your spell library contained the following spells:

 Spells                   Type           Power      Damage    Failure   Level
 Corpse Rot               Necr/Air       0%         N/A       85%         2
 Poisonous Vapours        Pois/Air       0%         N/A       85%         2


Dungeon Overview and Level Annotations

Branches:
Dungeon (5/15)             Temple (0/1) D:4

Altars:
Dithmenos
Fedhas
Vehumet

Shops:
D:4 *


Message History

* * * LOW HITPOINT WARNING * * *
The hound bites you but does no damage. The hound closely misses you.
The hound barely misses you. You block the hound's attack.
The hound closely misses you. The hound bites you but does no damage.
There is a stone staircase leading down here.
The hound bites you but does no damage. The hound bites you but does no damage.
The hound bites you but does no damage. The hound bites you.
* * * LOW HITPOINT WARNING * * *
The hound barely misses you. You block the hound's attack.
The hound bites you but does no damage. You block the hound's attack.
The hound misses you. The hound bites you.
* * * LOW HITPOINT WARNING * * *
The hound barely misses you. The hound bites you.
* * * LOW HITPOINT WARNING * * *
The hound closely misses you. The hound barely misses you.
You miss the hound.
The hound is moderately wounded.
The hound bites you but does no damage. x2
You slash the hound!
You kill the hound!
Beogh accepts your kill.
You enter the shallow water.
Moving in this stuff is going to be slow.
You barely miss the ogre.
The ogre is severely wounded.
The ogre closely misses you.
You slash the ogre!
The ogre is almost dead.
The ogre hits you with a +0 giant spiked club!!
You die...

#<#
####...
#.# #.##
#.# #.#
##### #.#
##P≈P###
#.#
##≈≈..P.#
#..
#≈......##
##.
#P≈....PP#
.
#P.@...P.#
##≈O....##
#####.#
##^...≈#
#......
##≈..##
#.#####
#..≈# #.#
#≈..# #.#
#...# #.#
#...#
###.###
#≈..#
#.....#


You could see an ogre.

Vanquished Creatures
  Eustachio (D:5)
  Sigmund (D:2)
  2 steam dragons (D:5)
  2 black bears
  Blork the orc (D:5)
  2 scorpions
  A water moccasin skeleton (D:4)
  A bullfrog zombie (D:5)
  A hound (D:5)
  A bullfrog skeleton (D:3)
  An iguana (D:5)
  5 orc wizards
  A hound zombie (D:5)
  A howler monkey skeleton (D:4)
  Robin (D:2)
  8 adders
  An ufetubus (D:5)
  An adder skeleton (D:4)
  A worm (D:2)
  A dart slug (D:2)
  12 orcs
  5 endoplasms
  4 giant cockroaches
  11 goblins
  7 hobgoblins
  5 quokkas
  8 ball pythons
  3 bats
  8 kobolds
  8 rats
105 creatures vanquished.

Vanquished Creatures (others)
  An orc warrior (D:5)
  An ogre (D:5)
  2 orcs (D:5)
  12 fungi
  A plant (D:3)
17 creatures vanquished.

Grand Total: 122 creatures vanquished

Notes
Turn   | Place    | Note
-------+----------+-------------------------------------------
     0 | D:1      | ChaosChampion the Hill Orc Fighter began the quest for the
                  | Orb.
     0 | D:1      | Reached XP level 1. HP: 19/19 MP: 1/1
   272 | D:1      | Reached XP level 2. HP: 25/27 MP: 2/2
   791 | D:1      | Found a faded altar of an unknown god.
  1058 | D:2      | Reached XP level 3. HP: 27/33 MP: 3/3
  1422 | D:2      | Reached XP level 4. HP: 40/40 MP: 4/4
  1458 | D:2      | Noticed Sigmund
  1470 | D:2      | Killed Sigmund
  1471 | D:2      | Reached skill level 5 in Fighting
  1471 | D:2      | Reached XP level 5. HP: 33/48 MP: 5/5
  1893 | D:2      | Noticed Robin
  1902 | D:2      | Killed Robin
  1903 | D:2      | Reached XP level 6. HP: 43/56 MP: 6/6
  2550 | D:3      | Noticed a black bear
  2556 | D:3      | Killed a black bear
  2557 | D:3      | Reached skill level 5 in Axes
  2621 | D:3      | Found a radiant altar of Vehumet.
  2711 | D:3      | Reached skill level 5 in Shields
  2713 | D:3      | Reached skill level 5 in Armour
  2785 | D:3      | Reached XP level 7. HP: 59/61 MP: 7/7
  3129 | D:4      | Found a blossoming altar of Fedhas.
  3275 | D:4      | Found Tualem's Elemental Accessories.
  3405 | D:5      | Entered Level 5 of the Dungeon
  3456 | D:5      | Became a worshipper of Beogh the Brigand
  3610 | D:5      | Noticed Blork the orc
  3611 | D:5      | Noticed Eustachio
  3632 | D:5      | Killed Blork the orc
  3799 | D:4      | Reached XP level 8. HP: 67/71 MP: 8/8
  3848 | D:4      | Found a staircase to the Ecumenical Temple.
  4261 | D:4      | Found a shadowy altar of Dithmenos.
  4297 | D:5      | Killed Eustachio
  5063 | D:5      | HP: 2/73 [ogre (13)]
  5164 | D:5      | Slain by an ogre

Illustrated notes

Levels and vault maps discovered:
D:1:      erik_arrival_blinker_ship, layout_basic, serial_rivers,
          chequers_serial_rivers_micro_d, chequers_serial_rivers_marsh,
          chequers_serial_rivers_small_a, chequers_serial_rivers_small_b,
          chequers_serial_rivers_micro_b,
          dreamdust_ecumenical_altar_hidden_monk_grotto
D:2:      minmay_alternating_diamond, layout_basic, minmay_split_cup_large,
          uniq_sigmund, uniq_robin
D:3:      cheibrodos_old_hovel, layout_rooms, mainiacjoe_overflow_tiny_flanked,
          serial_bayou_pond_d, hangedman_decor_lopped
D:4:      layout_loops_ring, mainiacjoe_overflow_alcove_2,
          mainiacjoe_overflow_chevrons, minmay_temple_entry_slanted,
          serial_bayou_pond_e, dk_noncrumbling_4, nicolae_elemental_shop
D:5:      kennysheep_steamy, layout_loops_ring, chequers_avenue,
          kennysheep_small_circle, uniq_duvessa, uniq_grinder,
          uniq_blork_the_orc, uniq_eustachio

Skill      XL: |  1  2  3  4  5  6  7  8 |
---------------+-------------------------+-----
Axes           | 3 4 5 6 7 |  7.2
Fighting       | 4 5 6 7 |  7.2
Armour         | 4 5 6 |  6.6
Shields        | 4 5 6 |  6.6

Action                   |  1- 3 |  4- 6 |  7- 9 || total
-------------------------+-------+-------+-------++-------
Melee: War axe           |    70 |    66 |   129 ||   265
Invok: Convert to Beogh  |       |       |     1 ||     1
  Use: Potion            |       |       |     1 ||     1
 Stab: Distracted        |       |     1 |       ||     1
Armor: Scale mail        |    46 |    21 |    68 ||   135
Dodge: Dodged            |    36 |    26 |    70 ||   132
Block: Buckler           |    24 |     7 |    35 ||    66

Table legend: (Time is in decaauts)
 A = Elapsed time spent in this place.
 B = Non-inter-level travel time spent in this place.
 C = Inter-level travel time spent in this place.
 D = Time resting spent in this place.
 E = Time spent auto-exploring this place.
 F = Levels seen in this place.
 G = Mean time per level.
                   A        B        C        D        E       F      G
               +--------+--------+--------+--------+--------+-----+--------+
         Total |   5246 |   5024 |    222 |     82 |   4091 |   5 | 1049.2 |
       Dungeon |   5246 |   5024 |    222 |     82 |   4091 |   5 | 1049.2 |
               +--------+--------+--------+--------+--------+-----+--------+

Top non-repeatable levels by time:
     D:2: 1510 daAuts
     D:4: 1098 daAuts
     D:5: 1086 daAuts
     D:1: 910 daAuts
     D:3: 641 daAuts
